 Dungeon Crawl Stone Soup version 0.28.0-53-g5a82cb258f (webtiles) character file.

Game seed: 15668808014535693797

415909 Peloso the Minotaur Barricade (level 22, -6/211 (215) HPs)
             Began as a Minotaur Fighter on July 20, 2022.
             Was the Champion of Okawaru.
             Shot with an arrow by a centaur warrior (18 damage)
             ... on level 3 of the Vaults.
             The game lasted 02:52:43 (49566 turns).

Peloso the Minotaur Barricade (Minotaur Fighter)   Turns: 49566, Time: 02:52:45

HP:   -6/211 (215)  AC: 47    Str: 32    XL:     22   Next: 55%
MP:   32/32         EV: 10    Int: 16    God:    Okawaru [******]
Gold: 2803          SH: 18    Dex: 17    Spells: 21/21 levels left

rFire   + + +      SeeInvis .   a - +7 double sword (elec)
rCold   . . .      Faith    .   f - +0 kite shield {reflect}
rNeg    . . .      Spirit   .   U - +7 crystal plate armour of the Unbroken {Will+ Regen+ Int+2}
rPois   .          Reflect  +   D - +1 hat
rElec   +          Harm     .   Q - +2 cloak of the Moon {rF+}
rCorr   +          Rampage  +   K - +3 pair of gloves "Ozxyumuf" {Rampage rF+ rCorr Int+5}
Will    ++...                   V - +2 pair of boots of the Bulwark {rElec Regen+ Int+4}
Stlth   ..........              T - amulet of regeneration
HPRegen 2.85/turn               y - +4 ring of slaying
MPRegen 0.23/turn               M - ring "Dacor" {rF+ MP+9 Str+3 Dex+4 Stlth+}

@: lethally poisoned (-6 -> -6), studying 2 skills, lightly drained
A: horns 2, retaliatory headbutt
}: 2/15 runes: barnacled, gossamer
a: Renounce Religion, Heroism, Finesse, Duel


You were on level 3 of the Vaults.
You worshipped Okawaru.
Okawaru was exalted by your worship.
You visited 8 branches of the dungeon, and saw 38 of its levels.
You visited 1 bazaar.
You also visited: Sewer, Gauntlet, Volcano and Desolation.

You collected 4730 gold pieces.
You spent 1927 gold pieces at shops.

Inventory:

Hand Weapons
 a - a +7 double sword of electrocution (weapon)
 b - a +0 vampiric demon blade
 c - a +4 scimitar of flaming
Armour
 f - a +0 kite shield of reflection (worn)
 D - a +1 hat (worn)
 K - the +3 pair of gloves "Ozxyumuf" (worn) {Rampage rF+ rCorr Int+5}
   (You acquired it in the Desolation of Salt)

   Int:       It affects your intelligence (+5).
   rF:        It protects you from fire.
   rCorr:     It protects you from acid and corrosion.
   Rampage:   It bestows one free step when moving towards enemies.
 Q - the +2 cloak of the Moon (worn) {rF+}
   (You found it in a Gauntlet)

   rF:        It protects you from fire.
 U - the +7 crystal plate armour of the Unbroken (worn) {Will+ Regen+ Int+2}
   (Okawaru gifted it to you on level 2 of the Lair of Beasts)

   Int:       It affects your intelligence (+2).
   Regen:     It increases your rate of health regeneration.
   Will:      It increases your willpower.
 V - the +2 pair of boots of the Bulwark (worn) {rElec Regen+ Int+4}
   (Okawaru gifted it to you on level 4 of the Shoals)

   Int:       It affects your intelligence (+4).
   rElec:     It insulates you from electricity.
   Regen:     It increases your rate of health regeneration.
Jewellery
 o - a ring of protection from cold
 s - a ring of protection from cold
 y - a +4 ring of slaying (left hand)
 M - the ring "Dacor" (right hand) {rF+ MP+9 Str+3 Dex+4 Stlth+}
   (You acquired it in a bazaar)

   [ring of magical power]

   Str:       It affects your strength (+3).
   Dex:       It affects your dexterity (+4).
   rF:        It protects you from fire.
   MP:        It affects your magic capacity (+9).
   Stlth:     It makes you more stealthy.
 S - a ring of flight
 T - an amulet of regeneration (around neck)
Scrolls
 k - 5 scrolls of noise
 t - 9 scrolls of teleportation
 u - 18 scrolls of identify
 v - a scroll of acquirement
 E - 8 scrolls of magic mapping
 P - a scroll of blinking
 R - 5 scrolls of immolation
 Z - 3 scrolls of fear
Potions
 d - 3 potions of might
 h - 3 potions of haste
 j - 5 potions of resistance
 q - 3 potions of heal wounds
 r - 2 potions of invisibility
 x - 4 potions of berserk rage
 A - 8 potions of mutation
 C - 16 potions of curing


   Skills:
 + Level 21.9 Fighting
 + Level 2.0(14.8) Short Blades
 + Level 23.9 Long Blades
 + Level 1.3(1.9) Axes
 + Level 1.3(1.9) Maces & Flails
 + Level 1.1(1.6) Polearms
 + Level 1.1(1.6) Staves
 + Level 1.1(1.3) Slings
 + Level 1.0 Bows
 + Level 1.0 Crossbows
 + Level 0.8(1.1) Throwing
 + Level 20.2 Armour
 + Level 5.4 Dodging
 + Level 2.9 Stealth
 O Level 27 Shields
 + Level 2.1 Unarmed Combat
 + Level 0.4 Spellcasting
 + Level 0.5 Conjurations
 + Level 0.7 Hexes
 + Level 0.5 Summonings
 + Level 0.5 Necromancy
 + Level 0.7 Translocations
 + Level 0.6 Transmutations
 + Level 0.5 Fire Magic
 + Level 0.5 Ice Magic
 + Level 0.5 Air Magic
 + Level 0.8 Earth Magic
 + Level 0.5 Poison Magic
 + Level 3.9 Invocations
 + Level 1.8 Evocations


You had 21 spell levels left.
You didn't know any spells.
Your spell library contained the following spells:

 Spells                   Type           Power      Damage    Failure   Level
 Apportation              Tloc           4%         N/A       85%         1
 Foxfire                  Conj/Fire      8%         2x1d4     86%         1
 Magic Dart               Conj           8%         1d3       86%         1
 Pain                     Necr           8%         1d4       86%         1
 Shock                    Conj/Air       8%         1d3       86%         1
 Blink                    Tloc           4%         N/A       94%         2
 Ensorcelled Hibernation  Hex/Ice        4%         N/A       94%         2
 Wereblood                Tmut           2%         N/A       94%         2
 Corpse Rot               Necr/Air       4%         N/A       95%         2
 Scorch                   Fire           4%         2d5       95%         2
 Sublimation of Blood     Necr           2%         N/A       95%         2
 Confusing Touch          Hex            2%         N/A       99%         3
 Conjure Flame            Conj/Fire      2%         6-21      99%         3
 Gell's Gravitas          Tloc           2%         N/A       99%         3
 Ignite Poison            Fire/Tmut/Pois 2%         N/A       99%         3
 Inner Flame              Hex/Fire       2%         N/A       99%         3
 Lesser Beckoning         Tloc           2%         N/A       99%         3
 Mephitic Cloud           Conj/Pois/Air  2%         N/A       99%         3
 Portal Projectile        Hex/Tloc       4%         N/A       99%         3
 Spider Form              Tmut/Pois      2%         N/A       99%         3
 Teleport Other           Tloc           2%         N/A       99%         3
 Anguish                  Hex/Necr       1%         N/A       100%        4
 Dispel Undead            Necr           2%         3d7       100%        4
 Flame Wave               Conj/Fire      2%         2d4       100%        4
 Fulminant Prism          Conj/Hex       1%         3d6       100%        4
 Olgreb's Toxic Radiance  Pois           2%         N/A       100%        4
 Passage of Golubria      Tloc           2%         N/A       100%        4
 Sticky Flame             Conj/Fire      2%         2d3       100%        4
 Blade Hands              Tmut           1%         N/A       100%        5
 Borgnjor's Vile Clutch   Necr/Erth      1%         N/A       100%        5
 Irradiate                Conj/Tmut      1%         3d13      100%        5
 Iskenderun's Battlesphe  Conj           2%         2d6       100%        5
 Silence                  Hex/Air        1%         N/A       100%        5
 Yara's Violent Unravell  Hex/Tmut       1%         3d3       100%        5
 Dispersal                Tloc           1%         N/A       100%        6
 Iron Shot                Conj/Erth      1%         9d1       100%        6
 Starburst                Conj/Fire      1%         6d3       100%        6
 Dragon Form              Tmut           1%         N/A       100%        7
 Enfeeble                 Hex            1%         N/A       100%        7
 Ignition                 Fire           1%         3d3       100%        8
 Lehudib's Crystal Spear  Conj/Erth      1%         10d2      100%        8
 Chain Lightning          Conj/Air       1%         3d1       100%        9
 Animate Skeleton         Necr           Unusable   N/A       N/A         1
 Summon Small Mammal      Summ           Unusable   N/A       N/A         1
 Call Imp                 Summ           Unusable   N/A       N/A         2
 Death Channel            Necr           Unusable   N/A       N/A         6
 Spellforged Servitor     Conj/Summ      Unusable   N/A       N/A         7
 Summon Hydra             Summ           Unusable   N/A       N/A         7

Dungeon Overview and Level Annotations

Branches:
Dungeon (15/15)            Temple (1/1) D:7            Lair (6/6) D:9
 Shoals (4/4) Lair:4       Spider (4/4) Lair:3        Slime (0/5) Lair:5
    Orc (2/2) D:11            Elf (3/3) Orc:2        Vaults (3/5) D:14
  Crypt (0/3) Vaults:3     Depths (0/4) D:15          Sewer (visited)
Volcano (visited)         Desolation (visited)      Gauntlet (visited)

Altars:
Ashenzari
Dithmenos
Elyvilon
Fedhas
Gozag
Kikubaaqudgha
Makhleb
Okawaru
Qazlal
Ru
Sif Muna
Uskayaw
Vehumet
Xom
Yredelemnul
Zin
Beogh
Jiyva
Lugonu

Shops:
D:4 *   Orc:2 :(*   Elf:1 =*!   Elf:2 *

Portals:
Abyss: Shoals:1

Annotations:
Lair:3 Casa -
Shoals:1 1 runed translucent door


Innate Abilities, Weirdness & Mutations

You have a pair of horns on your head.
You reflexively headbutt those who attack you in melee.


Message History

You open the orc knight like a pillowcase!!!
The orc knight is heavily wounded.
You feel very sick. The orc knight closely misses you.
Unknown command.
You slice the orc knight!! You headbutt the orc knight.
You kill the orc knight!
Okawaru accepts your kill.
You feel very sick.
The centaur warrior unwields a +3 longbow.
The centaur warrior barely misses you. You block the centaur warrior's attack.
The tengu reaver closely misses you. You furiously retaliate!
You headbutt the tengu reaver. You block the tengu reaver's attack.
The tengu reaver claws you!
You feel very sick.
The tengu reaver points at you and mumbles some strange words.
The bolt of acid hits you. You resist.
* * * LOW HITPOINT WARNING * * *
You block the centaur warrior's attack. The centaur warrior closely misses you.
Things that are here:
a +2 great sword of freezing; a +0 chain mail; an orc corpse You slice the centaur warrior!!
You headbutt the centaur warrior!
The centaur warrior is heavily wounded.
You feel very sick.
The orc knight hits you with a +2 dire flail!
* * * LOW HITPOINT WARNING * * *
The centaur warrior closely misses you. You furiously retaliate!
You headbutt the centaur warrior.
You block the centaur warrior's attack. x2
The centaur warrior barely misses you. The tengu reaver casts a spell at you.
The bolt of cold hits you!!!
* * * LOW HITPOINT WARNING * * *
Unknown command.
Blink to where?
Press: ? - help, Dir - move target
As you read the scroll of blinking, it crumbles to dust.
You feel sick.
The centaur warrior wields a +3 longbow.
The centaur warrior shoots an arrow.
The arrow hits you!!
You die...

,#°....°°.........*,,,,,,*,,*****
,#...)....≈°.°°...#,,,,,,*,,* ***
,#....°..○°≈......#,,,,,,*,,* *,,
##...).(○○°°○.....#,,,,,,*,,***,,
..)######°°≈####..+,,,,,,*,,*,,*+
...#,,,.°°≈....#..######**,,+,,+,
...#,.....°°°..#........,,,,****+
...#...........#........,,,,* *,,
..)#...........#@...........# *,,
...#...........#............# ***
...#...........#............#
...#********#+##............#
......,,,,,,................#
........,,,,................#
.........,,,.......cc.......#
.........,,,.......§.......}#
####+####,,,.......oQp......#


You could see 2 centaur warriors.

Vanquished Creatures
  The ghost of Hynwimna the Slayer, a veteran MiGl of Okawaru (Elf:2)
  Nikola (Shoals:4)
  Jorgrun (D:12)
  2 deep elf master archers (Elf:3)
  An acid blob (Vaults:2)
  3 deep elf blademasters
  Polyphemus (Shoals:3)
  2 krakens
  A sphinx (Vaults:3)
  Donald (Lair:3)
  Agnes (Elf:2)
  The ghost of Yjimoseergh the Spry, an adept SpFE of Dithmenos (Vaults:2)
  An azure jelly (Vaults:2)
  2 vault wardens
  8 emperor scorpions
  Aizul (Shoals:4)
  7 deep elf sorcerers (Elf:3)
  Louise (Elf:2)
  3 orc warlords
  2 deep elf elementalists (Elf:3)
  3 ghost moths
  2 broodmothers
  6 ironbound preservers
  2 quicksilver oozes (Vaults:2)
  3 very ugly things
  3 ironbound thunderhulks
  6 deep elf demonologists (Elf:3)
  Azrael (Orc:2)
  4 entropy weavers
  The ghost of Nairgh Vytrir the Cruncher, a journeyman FoMo of Ignis (Lair:3)
  3 deep elf annihilators (Elf:3)
  A minotaur (Gauntlet)
  14 dire elephants
  2 halazid warlocks (Desolation)
  2 spark wasps (Spider:2)
  3 crystal guardians (Desolation)
  Snorg (D:13)
  8 merfolk javelineers
  5 deep elf death magi
  8 ragged hierophants (Desolation)
  Josephine (D:11)
  7 merfolk impalers
  8 yaktaur captains
  2 great orbs of eyes (Vaults:2)
  Harold (D:8)
  9 servants of whispers (Desolation)
  2 deep elf high priests (Elf:3)
  4 vault guards (D:14)
  5 boulder beetles
  3 merfolk avatars
  2 peacekeepers (Desolation)
  Erolcha (D:13)
  A catoblepas (Shoals:3)
  7 hydras
  2 jorogumos (Spider:3)
  2 merfolk aquamancers
  An ironbound frostheart (Vaults:1)
  3 radroaches
  7 centaur warriors
  24 dancing weapons
  2 satyrs (Shoals:4)
  An alligator snapping turtle (Shoals:4)
  2 alligators (Lair:2)
  6 two-headed ogres
  14 death yaks
  A death knight (D:15)
  3 tengu warriors
  An orc high priest (Orc:2)
  18 deep elf knights
  Nergalle (Orc:2)
  8 skeletal warriors
  7 pharaoh ants
  8 sea snakes
  23 deep trolls
  10 steelbarb worms
  12 orb spiders
  An orange crystal statue (D:15)
  11 deep elf archers
  7 lindwurms
  13 ironbound convokers
  11 wizards
  6 spectral wolf spiders (Spider:1)
  26 harpies
  3 orc sorcerers
  18 deep elf zephyrmancers
  4 necromancers
  9 orc knights
  A wolf spider zombie (Spider:1)
  28 deep elf pyromancers
  5 cyclopes
  32 ugly things
  25 wolf spiders
  A frost giant zombie (Vaults:1)
  4 fauns
  9 manticores
  3 moths of wrath
  8 vault sentinels
  3 guardian serpents (Desolation)
  A naga mage (D:15)
  5 toenail golems (Volcano)
  3 black mambas
  4 water nymphs
  23 elephants
  4 apocalypse crabs
  7 molten gargoyles
  12 merfolk sirens
  3 gargoyles
  A human zombie (Vaults:1)
  21 cane toads
  An eye of devastation (Vaults:2)
  7 torpor snails
  8 rime drakes
  An efreet (D:14)
  A freezing wraith (D:14)
  A komodo dragon (shapeshifter) (Elf:2)
  A yaktaur zombie (Vaults:1)
  10 komodo dragons
  4 demonic crawlers
  23 yaktaurs
  2 tengu conjurers
  A wind drake (shapeshifter) (D:15)
  24 merfolk
  14 polar bears
  8 wind drakes
  4 trolls
  A harpy skeleton (D:15)
  26 tarantellas
  Grinder (Sewer)
  19 blink frogs
  4 wolf spider simulacra (Spider:1)
  6 meliai
  59 saltlings (Desolation)
  2 hornets
  2 dream sheep (Lair:6)
  5 large abominations (Elf:1)
  5 raiju (Lair:6)
  14 snapping turtles
  35 slime creatures
  24 jumping spiders
  A meliai zombie (D:10)
  A vampire (D:12)
  3 spriggans (Lair:3)
  17 culicivoras
  6 shadows
  2 centaur simulacra
  A spriggan (shapeshifter) (D:14)
  13 water elementals
  5 wyverns
  5 wraiths
  45 yaks
  2 fire elementals (Orc:2)
  2 basilisks
  3 golden eyes (Vaults:2)
  A human simulacrum (Vaults:1)
  67 redbacks
  A steam dragon (Lair:2)
  A redback (shapeshifter) (D:9)
  11 vampire mosquitoes
  Menkaure (D:6)
  A two-headed ogre zombie (D:11)
  7 wargs
  14 hell hounds
  14 water moccasins
  2 acid dragons
  21 orc warriors
  An ice beast (D:7)
  A sky beast (D:5)
  A necrophage (D:4)
  15 black bears
  9 ogres
  38 wolves
  4 centaurs
  A boggart (Lair:3)
  2 kobold brigands (Sewer)
  3 phantoms
  2 elf zombies
  9 bullfrogs
  2 gnoll sergeants
  4 scorpions
  3 earth elementals (Elf:1)
  A wyvern zombie (D:6)
  2 water moccasin skeletons
  4 killer bees (D:9)
  3 troll zombies (D:11)
  16 wights
  A howler monkey (D:14)
  7 electric eels
  5 centaur zombies
  5 lava snakes (Lair:6)
  A jelly (D:4)
  A gnoll shaman (D:10)
  19 orc priests
  5 hounds
  3 iguanas
  Jessica (D:2)
  2 centaur skeletons
  17 orc wizards
  A hell rat (Lair:2)
  4 ogre zombies (D:11)
  3 hound skeletons (D:4)
  A howler monkey zombie (D:9)
  A howler monkey skeleton (D:6)
  18 gnolls
  9 adders
  A river rat (D:4)
  A shadow imp (Sewer)
  A white imp (D:6)
  3 ufetubi (Sewer)
  3 dart slugs
  51 orcs
  5 endoplasms
  5 giant cockroaches
  3 hobgoblins
  4 jackals (D:4)
  7 quokkas
  6 ball pythons
  7 bats
  3 frilled lizards
  A giant cockroach zombie (Sewer)
  9 goblins
  A goblin skeleton (D:11)
  4 goblin zombies (D:11)
  A hobgoblin skeleton (D:11)
  4 hobgoblin zombies (D:11)
  23 kobolds
  3 kobold zombies (Sewer)
  3 orc skeletons (D:11)
  12 orc zombies (D:11)
  8 rats
  2 bushes (Lair:3)
1596 creatures vanquished.

Vanquished Creatures (others)
  Ilsuiw (Shoals:4)
  A deep elf knight (Elf:3)
  An orb spider (Spider:2)
  A wizard (Volcano)
  2 harpies (Shoals:4)
  A deep elf zephyrmancer (Elf:3)
  A molten gargoyle (D:14)
  3 slime creatures
  A saltling (Desolation)
  A redback (Spider:1)
  A basilisk (Lair:2)
  An orc warrior (Orc:2)
  A wolf (Lair:6)
  A hell rat (Lair:2)
  An orc wizard (D:8)
  39 fungi
  119 plants
  16 tentacles
192 creatures vanquished.

Grand Total: 1788 creatures vanquished

Notes
Turn   | Place    | Note
-------+----------+-------------------------------------------
     0 | D:1      | Peloso the Minotaur Fighter began the quest for the Orb.
     0 | D:1      | Reached XP level 1. HP: 19/19 MP: 0/0
   219 | D:1      | Reached XP level 2. HP: 27/27 MP: 1/1
   769 | D:2      | Reached skill level 4 in Shields
   769 | D:2      | Reached XP level 3. HP: 25/33 MP: 2/2
  1052 | D:2      | Noticed Jessica
  1058 | D:2      | Killed Jessica
  1059 | D:2      | Reached XP level 4. HP: 27/40 MP: 3/3
  1242 | D:2      | Found a faded altar of an unknown god.
  1895 | D:3      | Reached skill level 1 in Dodging
  1962 | D:3      | Identified the +8 tower shield of Heaqikkosex {-Cast Harm
                  | rElec Will+++}
  2018 | D:3      | Reached XP level 5. HP: 30/47 MP: 4/4
  2791 | D:4      | Found Uqydam's Elemental Accessories.
  2806 | D:4      | Reached skill level 5 in Armour
  2940 | D:4      | Reached XP level 6. HP: 50/53 MP: 5/5
  2947 | D:4      | Reached skill level 5 in Shields
  3018 | D:4      | Found a glowing drain.
  3037 | Sewer    | Entered a sewer
  3200 | Sewer    | Noticed Grinder
  3211 | Sewer    | Reached skill level 5 in Long Blades
  3211 | Sewer    | Reached skill level 6 in Shields
  3225 | Sewer    | Reached XP level 7. HP: 38/60 MP: 6/6
  3564 | Sewer    | Found an ancient bone altar of Kikubaaqudgha.
  3592 | Sewer    | Killed Grinder
  3593 | Sewer    | Reached skill level 7 in Shields
  3942 | D:4      | Reached XP level 8. HP: 39/65 MP: 7/7
  4138 | D:4      | Reached skill level 5 in Fighting
  4138 | D:4      | Reached skill level 8 in Shields
  4269 | D:4      | Found a burning altar of Makhleb.
  4502 | D:5      | Entered Level 5 of the Dungeon
  4837 | D:5      | Found a stormy altar of Qazlal.
  4839 | D:5      | Noticed an air elemental
  5074 | D:6      | Reached skill level 9 in Shields
  5095 | D:6      | Found a glowing silver altar of Zin.
  5095 | D:6      | Found an opulent altar of Gozag.
  5102 | D:6      | Found a faded altar of an unknown god.
  5104 | D:6      | Found a faded altar of an unknown god.
  5105 | D:6      | Found a hide-covered altar of Uskayaw.
  5141 | D:6      | Reached XP level 9. HP: 37/75 MP: 8/8
  5422 | D:6      | Noticed Menkaure
  5431 | D:6      | Killed Menkaure
  5879 | D:7      | Identified the +10 war axe of Oenomania {vorpal, *Noise Fly
                  | rElec Int+8}
  5936 | D:7      | Reached skill level 10 in Shields
  5982 | D:7      | Found a staircase to the Ecumenical Temple.
  5991 | Temple   | Entered the Ecumenical Temple
  6036 | Temple   | Became a worshipper of Warmaster Okawaru
  6416 | D:7      | Found a sacrificial altar of Ru.
  7046 | D:8      | Reached * piety under Okawaru
  7078 | D:8      | Noticed a two-headed ogre
  7087 | D:8      | Killed a two-headed ogre
  7087 | D:8      | Reached ** piety under Okawaru
  7088 | D:8      | Reached skill level 11 in Shields
  7088 | D:8      | Reached XP level 10. HP: 84/84 MP: 9/9
  7096 | D:8      | Noticed Harold
  7131 | D:8      | Killed Harold
  7132 | D:8      | Reached skill level 10 in Long Blades
  8282 | D:9      | Noticed a two-headed ogre
  8282 | D:9      | Noticed a two-headed ogre
  8293 | D:9      | Reached skill level 1 in Stealth
  8299 | D:9      | Killed a two-headed ogre
  8310 | D:9      | Killed a two-headed ogre
  8311 | D:9      | Reached skill level 12 in Shields
  8597 | D:9      | Reached *** piety under Okawaru
  8725 | D:9      | Noticed a guardian serpent
  8728 | D:9      | Noticed a death drake
  8728 | D:9      | a guardian serpent changed into a death drake
  9154 | D:9      | Found a staircase to the Lair.
  9192 | D:9      | Noticed a mana viper
  9240 | D:9      | Reached XP level 11. HP: 18/92 MP: 10/10
  9683 | D:10     | Entered Level 10 of the Dungeon
  9782 | D:10     | Reached **** piety under Okawaru
  9903 | D:10     | Noticed a two-headed ogre
  9917 | D:10     | Killed a two-headed ogre
  9918 | D:10     | Reached skill level 13 in Shields
 10224 | D:10     | Noticed a two-headed ogre
 10230 | D:10     | Killed a two-headed ogre
 11018 | D:11     | Reached ***** piety under Okawaru
 11042 | D:11     | Found a staircase to the Orcish Mines.
 11641 | D:11     | Noticed a purple ugly thing
 11649 | D:11     | Killed a purple ugly thing
 11760 | D:11     | Reached skill level 14 in Shields
 11891 | D:11     | Noticed Josephine
 11902 | D:11     | Reached skill level 10 in Armour
 11921 | D:11     | Killed Josephine
 11926 | D:11     | Noticed a seven-headed hydra
 11942 | D:11     | Killed a seven-headed hydra
 12367 | D:11     | Reached skill level 1 in Short Blades
 12613 | Lair:1   | Entered Level 1 of the Lair of Beasts
 12658 | Lair:1   | Reached XP level 12. HP: 62/103 MP: 11/11
 12687 | Lair:1   | Found a dark tunnel.
 12697 | Volcano  | Entered a volcano
 12831 | Volcano  | Received a gift from Okawaru
 12949 | Volcano  | Reached skill level 15 in Shields
 13427 | Lair:1   | Reached skill level 5 in Dodging
 13436 | Lair:1   | Identified the +1 plate armour of the Fisher {Str+2}
                  | (Okawaru gifted it to you on level 1 of the Lair of Beasts)
 13436 | Lair:1   | Received a gift from Okawaru
 14234 | Lair:2   | Reached skill level 16 in Shields
 14385 | Lair:2   | Reached ****** piety under Okawaru
 15119 | Lair:2   | Reached XP level 13. HP: 64/113 MP: 12/12
 15315 | Lair:2   | Reached skill level 10 in Fighting
 15425 | Lair:2   | Identified the +7 crystal plate armour of the Unbroken
                  | {Will+ Regen+ Int+2} (Okawaru gifted it to you on level 2
                  | of the Lair of Beasts)
 15425 | Lair:2   | Received a gift from Okawaru
 15426 | Lair:2   | Reached skill level 17 in Shields
 16252 | D:12     | Noticed Jorgrun
 16282 | D:12     | Killed Jorgrun
 16526 | D:12     | Reached skill level 18 in Shields
 16986 | Lair:3   | Found a hole to the Spider Nest.
 17344 | Lair:3   | Found a runed translucent door.
 17349 | Lair:3   | Noticed Nairgh Vytrir's ghost (journeyman FoMo)
 17355 | Lair:3   | Identified the +5 spear of Zeatt {drain, MP+9}
 18037 | Lair:3   | Identified the +1 cloak "Vanell" {rElec Will- rCorr MP+9}
                  | (Okawaru gifted it to you on level 3 of the Lair of Beasts)
 18037 | Lair:3   | Received a gift from Okawaru
 18418 | Lair:4   | Reached skill level 19 in Shields
 18528 | Lair:4   | Reached XP level 14. HP: 122/122 MP: 13/13
 18561 | Lair:4   | Reached skill level 15 in Long Blades
 18595 | Lair:4   | Found a staircase to the Shoals.
 19946 | Lair:5   | Received a gift from Okawaru
 20013 | Lair:5   | Found a viscous altar of Jiyva.
 20013 | Lair:5   | Found a staircase to the Slime Pits.
 20698 | D:13     | Noticed Snorg
 20712 | D:13     | Killed Snorg
 20713 | D:13     | Reached skill level 20 in Shields
 20844 | D:13     | Noticed Erolcha
 20850 | D:13     | Killed Erolcha
 21552 | D:14     | Reached skill level 1 in Evocations
 22066 | D:14     | Found a gate to the Vaults.
 22091 | D:14     | Reached skill level 1 in Invocations
 22210 | D:14     | Reached XP level 15. HP: 103/134 MP: 11/14
 22369 | D:14     | Received a gift from Okawaru
 22392 | D:14     | Reached skill level 21 in Shields
 23048 | D:15     | Entered Level 15 of the Dungeon
 23078 | D:15     | Found a runed translucent door.
 23098 | D:15     | Found a runed translucent door.
 23110 | D:15     | Found a runed translucent door.
 23115 | D:15     | Found a gate leading to a gauntlet.
 23124 | Gauntlet | Entered a Gauntlet
 23124 | Gauntlet | Found a transporter.
 23124 | Gauntlet | Found a transporter.
 23124 | Gauntlet | Found a transporter.
 23139 | Gauntlet | Found a transporter.
 23147 | Gauntlet | Found a transporter.
 23153 | Gauntlet | Found a transporter.
 23154 | Gauntlet | Found a transporter.
 23162 | Gauntlet | Found a transporter.
 23201 | Gauntlet | Found a transporter.
 23280 | Gauntlet | Found a transporter.
 23280 | Gauntlet | Found a transporter.
 23293 | Gauntlet | Found a transporter.
 23365 | Gauntlet | Identified the ring of Xoisk {rN+ AC+4}
 23371 | Gauntlet | Got the Collected Works on Unstable Feathers
 23411 | Gauntlet | Identified the +2 cloak of the Moon {rF+}
 23492 | D:15     | Found a runed translucent door.
 23653 | D:15     | Received a gift from Okawaru
 23980 | D:15     | Found a staircase to the Depths.
 23984 | D:15     | Reached skill level 22 in Shields
 24578 | Lair:6   | Entered Level 6 of the Lair of Beasts
 25237 | Lair:6   | Identified the +2 pair of boots of Resonance {rPois Int+9
                  | Dex-4} (Okawaru gifted it to you on level 6 of the Lair of
                  | Beasts)
 25237 | Lair:6   | Received a gift from Okawaru
 25413 | Lair:6   | Reached XP level 16. HP: 128/145 MP: 16/16
 25734 | Lair:6   | Reached skill level 23 in Shields
 26424 | Spider:1 | Entered Level 1 of the Spider Nest
 26424 | Spider:1 | Noticed Donald
 26451 | Lair:3   | Killed Donald
 26499 | Lair:3   | Killed Nairgh Vytrir's ghost
 27150 | Spider:1 | HP: 4/146 [poisoned by a redback]
 27151 | Lair:3   | HP: 1/146 [poisoned by a redback]
 27372 | Orc:1    | Entered Level 1 of the Orcish Mines
 27640 | Orc:2    | Entered Level 2 of the Orcish Mines
 27652 | Orc:2    | Noticed Azrael
 27663 | Orc:2    | Found a staircase to the Elven Halls.
 27673 | Orc:2    | Killed Azrael
 27673 | Orc:2    | Identified the +6 falchion of the Wraith {freeze, rN+ Will+
                  | rCorr Str-3} (Okawaru gifted it to you on level 2 of the
                  | Orcish Mines)
 27673 | Orc:2    | Received a gift from Okawaru
 27919 | Orc:2    | Noticed Nergalle
 27967 | Orc:2    | Killed Nergalle
 28336 | Orc:2    | Reached skill level 24 in Shields
 28405 | Orc:2    | Found Ceffab's Antique Armour Shop.
 28451 | Orc:2    | Found Ytual's General Store.
 28482 | Orc:2    | Found Sefydig's Book Shop.
 28577 | Orc:2    | Found Zamnocul's Antique Weapon Shop.
 28583 | Orc:2    | Reached skill level 1 in Unarmed Combat
 28583 | Orc:2    | Reached XP level 17. HP: 154/154 MP: 17/17
 28600 | Orc:2    | Bought a potion of experience for 700 gold pieces
 28600 | Orc:2    | Reached skill level 1 in Axes
 28600 | Orc:2    | Reached skill level 1 in Maces & Flails
 28600 | Orc:2    | Reached skill level 1 in Polearms
 28600 | Orc:2    | Reached skill level 1 in Staves
 28600 | Orc:2    | Reached skill level 1 in Slings
 28600 | Orc:2    | Reached skill level 1 in Bows
 28600 | Orc:2    | Reached skill level 1 in Crossbows
 28600 | Orc:2    | Reached XP level 18. HP: 161/161 MP: 18/18
 28914 | Elf:1    | Entered Level 1 of the Elven Halls
 28969 | Elf:1    | Found Baink's Distillery.
 28969 | Elf:1    | Found Quefesax's General Store.
 28978 | Elf:1    | Bought a potion of heal wounds for 65 gold pieces
 28978 | Elf:1    | Bought a potion of might for 52 gold pieces
 28978 | Elf:1    | Bought a potion of might for 52 gold pieces
 28985 | Elf:1    | Bought a scroll of blinking for 150 gold pieces
 29378 | Elf:1    | Identified the +8 mace of Action {freeze, rElec} (Okawaru
                  | gifted it to you on level 1 of the Elven Halls)
 29378 | Elf:1    | Received a gift from Okawaru
 29384 | Elf:1    | Got the Tome of Dark Arts
 29642 | Elf:1    | Found Umaunlau's Jewellery Shoppe.
 29959 | Elf:2    | Found Caynnu's Assorted Antiques.
 29968 | Elf:2    | Reached skill level 15 in Fighting
 29979 | Elf:2    | Bought a scroll labelled CALOLUATOM for 28 gold pieces
 30006 | Elf:2    | Found a crumbling gateway.
 30007 | Elf:2    | Noticed Louise
 30016 | Elf:2    | Killed Louise
 30029 | Desolati | Entered the Desolation of Salt
 30262 | Desolati | Reached XP level 19. HP: 170/170 MP: 19/19
 30374 | Desolati | Identified the ring "Zoeqib" {+Blink rPois Dex-2 SInv}
 30378 | Desolati | Identified the +1 pearl dragon scales of Inaction {rN+
                  | Str+6 Int+4 Stlth-}
 30381 | Desolati | Identified the +10 plate armour of the Kettle-Drum {Rampage
                  | rElec Int+4}
 30386 | Desolati | Got the Disquisition on Combat Magic
 30473 | Desolati | Reached skill level 25 in Shields
 30726 | Desolati | Identified the +1 robe "Wymuatz" {Fly rCorr} (Okawaru
                  | gifted it to you in the Desolation of Salt)
 30726 | Desolati | Received a gift from Okawaru
 30776 | Desolati | Identified the ring "Gyno" {Drain rN+++ rCorr Int-3 Dex+6}
 30787 | Desolati | Identified the ring "Fayzism" {MP+9 Dex+2}
 30801 | Desolati | Got Sif Muna's Incunabulum of Flames
 31031 | Desolati | Identified the +7 hand crossbow "Vogeut" {penet, rC++ Int+2
                  | Dex+6}
 31056 | Desolati | Identified the -2 kite shield "Suidwya" {Fly rF+ Int+4}
 31343 | Elf:2    | Found a runed translucent door.
 31343 | Elf:2    | Found a shimmering altar of Xom.
 31343 | Elf:2    | Noticed Hynwimna's ghost (veteran MiGl)
 31344 | Elf:2    | Identified the +4 rapier "Vephuegriu" {chaos, rN+ Dex-3
                  | Stlth+}
 31413 | Elf:2    | Found a runed translucent gate.
 31413 | Elf:2    | Found a runed translucent gate.
 31413 | Elf:2    | Found a runed translucent gate.
 32323 | Elf:2    | Killed Hynwimna's ghost
 32386 | Elf:3    | Entered Level 3 of the Elven Halls
 33401 | Elf:3    | Reached skill level 26 in Shields
 33748 | Elf:3    | Identified the ring of Iffoj {Fire rN+ rCorr MP+9 Int-3}
 33776 | Elf:3    | Received a gift from Okawaru
 33776 | Elf:3    | Found the +5 demon whip "Spellbinder" {antimagic, Will+}
 34108 | Elf:3    | Identified the +4 quarterstaff of Qapt {protect, Fragile
                  | Will+ Str+3}
 34130 | Elf:3    | Reached skill level 15 in Armour
 34141 | Elf:3    | Identified the ring "Gicleecow" {rN+ Will+ Int-3 Dex+2}
 34246 | Elf:3    | Identified the ring of Limitation {Wiz *Slow Str+5}
 34251 | Elf:3    | Identified the +11 glaive of Qomanur {vorpal, Fly rF+}
 34762 | Elf:3    | Reached XP level 20. HP: 176/177 MP: 21/21
 34813 | Elf:3    | Identified the +0 scale mail of Peek-a-Boo {rF+}
 34827 | Elf:3    | Got the Incunabulum of Venomous Air
 36252 | Elf:2    | Reached skill level 27 in Shields
 36349 | Elf:2    | Noticed Agnes
 36361 | Elf:2    | Killed Agnes
 36692 | Shoals:1 | Entered Level 1 of the Shoals
 37011 | Shoals:1 | Found a runed translucent door.
 37301 | Shoals:1 | Found a corrupted altar of Lugonu.
 37301 | Shoals:1 | Found a one-way gate to the infinite horrors of the Abyss.
 37572 | Shoals:2 | Identified the +6 scimitar "Larank" {antimagic, rF+ Int+4}
 37635 | Shoals:2 | Received a gift from Okawaru
 38873 | Spider:2 | Identified the +14 crystal plate armour "Uheuck" {rF+
                  | Dex+4} (Okawaru gifted it to you on level 2 of the Spider
                  | Nest)
 38873 | Spider:2 | Received a gift from Okawaru
 39684 | Spider:3 | Identified the +8 chain mail of the Arcane {+Blink rF+ rC+}
 39765 | Spider:4 | Entered Level 4 of the Spider Nest
 40342 | Spider:3 | Reached XP level 21. HP: 147/185 MP: 22/22
 40428 | Spider:3 | Identified the +4 long sword of Malaise {speed, Will+}
                  | (Okawaru gifted it to you on level 3 of the Spider Nest)
 40428 | Spider:3 | Received a gift from Okawaru
 41287 | Spider:4 | Got a gossamer rune of Zot
 42162 | Shoals:4 | Entered Level 4 of the Shoals
 42173 | Shoals:4 | Noticed Ilsuiw
 42215 | Shoals:4 | Noticed Polyphemus
 42409 | Shoals:3 | Killed Polyphemus
 42636 | Shoals:4 | HP: 9/198 [water elemental[Ilsuiw] (6)]
 42640 | Shoals:4 | Identified the +2 pair of boots of the Bulwark {rElec
                  | Regen+ Int+4} (Okawaru gifted it to you on level 4 of the
                  | Shoals)
 42640 | Shoals:4 | Received a gift from Okawaru
 42642 | Shoals:4 | Killed Ilsuiw
 43672 | Shoals:4 | Noticed Nikola
 43701 | Shoals:4 | Killed Nikola
 43800 | Shoals:4 | Noticed Aizul
 43825 | Shoals:4 | Killed Aizul
 43832 | Shoals:4 | Got a barnacled rune of Zot
 44134 | Shoals:4 | Identified the +10 hunting sling of the Heavens {vorpal,
                  | rN+ Int+4}
 45082 | Vaults:1 | Entered Level 1 of the Vaults
 45294 | Vaults:1 | Received a gift from Okawaru
 45996 | Vaults:1 | Reached XP level 22. HP: 192/211 MP: 23/23
 46299 | Vaults:1 | Identified the +3 broad axe "Killer Klown's Doom" {spect,
                  | rC+}
 46547 | Vaults:2 | Received a gift from Okawaru
 46842 | Vaults:2 | Identified the +1 hand axe "Uppes" {freeze, rElec rF+ rN+}
 47182 | Vaults:2 | Identified the +5 short sword of Lodo {vorpal, rF+}
 47343 | Vaults:2 | Found a runed translucent gate.
 47344 | Vaults:2 | Found a runed translucent gate.
 47344 | Vaults:2 | Found a runed translucent gate.
 47344 | Vaults:2 | Noticed Yjimoseergh's ghost (adept SpFE)
 47878 | Vaults:2 | Found a viscous altar of Jiyva.
 47888 | Vaults:2 | Received a gift from Okawaru
 47931 | Vaults:2 | Killed Yjimoseergh's ghost
 47945 | Vaults:2 | Identified the ring of the First Places {rC+ MP+9 EV+4}
 48177 | Vaults:3 | Found a flickering gateway to a bazaar.
 48198 | Bazaar   | Entered a bazaar
 48206 | Bazaar   | Found Hudanu Mize's Antique Armour Shop.
 48210 | Bazaar   | Found Wosk's General Store.
 48218 | Bazaar   | Found Vuokuid's Magic Scroll Shoppe.
 48227 | Bazaar   | Bought 2 scrolls of magic mapping for 77 gold pieces
 48227 | Bazaar   | Found Ses Pih's Distillery.
 48235 | Bazaar   | Found Gariug's Antique Armour Shop.
 48243 | Bazaar   | Bought a smoking chain mail for 275 gold pieces
 48243 | Bazaar   | Identified the +0 chain mail of Chill Winds {rPois rN+
                  | MP+9} (You bought it in a shop in a bazaar)
 48249 | Bazaar   | Bought a glowing scarf for 232 gold pieces
 48269 | Bazaar   | Bought a scroll of brand weapon for 220 gold pieces
 48269 | Bazaar   | Bought a scroll of fear for 38 gold pieces
 48269 | Bazaar   | Bought a scroll of fear for 38 gold pieces
 48284 | Bazaar   | Acquired the +3 pair of gloves "Ozxyumuf" {Rampage rF+
                  | rCorr Int+5}
 48299 | Bazaar   | Acquired 587 gold pieces
 48405 | Bazaar   | Acquired a +3 double sword of protection
 48417 | Bazaar   | Acquired the ring "Dacor" {rF+ MP+9 Str+3 Dex+4 Stlth+}
 49566 | Vaults:3 | Shot with an arrow by a centaur warrior

Illustrated notes

Levels and vault maps discovered:
D:1:      lightli_arrival_windingriver, layout_loops_ring
D:2:      layout_basic, ebering_ecumenical_altar_rust, uniq_jessica
D:3:      layout_basic
D:4:      layout_cave_pools, lemuel_round_altar, portal_sewer_entry_b,
          nicolae_elemental_shop, roderic_serpentine_path,
          mrwooster_statue_mirror
D:5:      layout_rooms, nicolae_qazlal_style_of_elements
D:6:      layout_basic, chequers_temple_overflow_minitemple,
          minmay_misc_feat_encased, uniq_menkaure
D:7:      layout_loops_ring, nicolae_ru_path_of_blood,
          minmay_temple_entry_sparse_star, hangedman_glass_teeth
D:8:      layout_basic, uniq_harold
D:9:      layout_rooms, david_lair_shrubbed
D:10:     layout_basic
D:11:     layout_loops_ring, zombieorc2_lemuel, uniq_josephine
D:12:     layout_rooms, minmay_misc_feat_four_crosses, uniq_jorgrun
D:13:     layout_cave_pods, uniq_snorg, uniq_erolcha
D:14:     cheibrodos_statue_roulette, layout_loops_corners,
          grunt_vaults_entry_fortified, minmay_strange_pillars
D:15:     grunt_enter_depths_magical_seal, layout_small_grid,
          chequers_arboretum, gauntlet_entry_generic,
          minmay_statue_crystal_thing
Temple:   eino_temple_rhombus
Lair:1:   layout_regular_city, lightli_volcano_entry_magma_tube
Lair:2:   layout_roguey, serial_bayou_pond_d, nicolae_lair_lakeside_cave,
          lemuel_fruit_tree
Lair:3:   layout_gridlike, spider_nest_entry_webs, ebering_ghost_funeral_grove
Lair:4:   layout_hall_layers, elwin_shoals_entry_stream
Lair:5:   layout_cave_pods, dpeg_slime_entry_enclosed_altar
Lair:6:   hangedman_lair_caniforms_friends, layout_regular_city,
          hangedman_lair_in_review, nicolae_lair_liquid_snakes,
          serial_bayou_shore_b
Shoals:1: layout_shoals, nicolae_shoals_abyss_on_the_beach
Shoals:2: layout_shoals, nicolae_shoals_hunting_party
Shoals:3: layout_shoals
Shoals:4: shoals_end_hangedman, layout_shoals, shoals_ilsuiw_alternative,
          uniq_polyphemus, uniq_aizul, uniq_nikola
Spider:1: layout_spider_delve, nicolae_spider_undead_wolf_pack,
          hangedman_spider_tarantella_strand, uniq_donald
Spider:2: layout_spider_delve, nicolae_orb_stairs
Spider:3: layout_spider_delve
Spider:4: grunt_spider_rune_circles
Orc:1:    layout_caves, nicolae_orc_sculptors_studio
Orc:2:    grunt_orc_cross, layout_caves, dreamdust_deal_with_the_devil,
          uniq_azrael
Elf:1:    eino_elf_arrival_sip, layout_loops_corners, serial_shops,
          nicolae_shop_window_shopping, minmay_elf_necromancy,
          dk_noncrumbling_2, minmay_shoptagon
Elf:2:    nicolae_elf_blades_splatter_lattice [nicolae_blade_lattice],
          layout_loops_cross, portal_desolation_entry_nicolae_slug,
          ebering_ghost_xom, serial_shops, nicolae_square_shop, minivault_26,
          uniq_agnes, uniq_louise
Elf:3:    elf_hall_gauntlet_wide, layout_geoelf_castle
Vaults:1: vaults_mumra_minichess, nicolae_vaults_rhombus_6, v_misc_18,
          nicolae_vaults_ring_of_whatevers, dpeg_vaults_monster_row,
          grunt_vaults_focal, nicolae_vaults_mini_display_case, v_misc_25,
          ontoclasm_vaults_chip, v_misc_27, layout_vaults_omnicross
Vaults:2: gammafunk_ghost_ooze, vaults_standard_mumra_x,
          vaults_room_fancy_cross, nicolae_vaults_big_ls,
          vaults_room_grunt_arrival_ludios, nicolae_vaults_little_squares_5,
          vaults_dpeg_spiral, v_rooms_4, ontoclasm_vaults_gateway,
          layout_vaults_omnigrid
Vaults:3: grunt_vaults_hallway_long, v_misc_1, dpeg_vaults_monster_box,
          nicolae_vaults_little_squares_5, v_misc_13,
          nicolae_vaults_c_with_doors, minmay_crypt_entry_necro_gods, v_misc_8,
          nicolae_vaults_specimen_jars, v_misc_4, layout_vaults_big_room,
          serial_shops, freezing_bzr

Skill      XL: |  1  2  3  4  5  6  7  8  9 10 11 12 13 14 15 16 17 18 19 20 21 22 |
---------------+-------------------------------------------------------------------+-----
Fighting       | 4 5 6 7 8 9 10 12 13 14 15 16 18 20 21 | 21.9
Armour         | 4 5 6 7 9 10 11 12 13 14 15 17 19 20 | 20.2
Long Blades    | 3 4 5 6 7 9 11 12 14 15 16 17 18 20 22 23 | 23.9
Shields        | 4 6 7 9 11 12 14 16 19 20 22 24 26 27 | 27.0
Dodging        | 1 2 3 4 5 |  5.4
Stealth        | 1 2 |  2.9
Short Blades   | 1 2 |  2.0
Evocations     | 1 |  1.8
Invocations    | 1 2 3 |  3.9
Unarmed Combat | 1 2 |  2.1
Axes           | 1 |  1.3
Maces & Flails | 1 |  1.3
Polearms       | 1 |  1.1
Staves         | 1 |  1.1
Slings         | 1 |  1.1
Bows           | 1 |  1.0
Crossbows      | 1 |  1.0
Throwing       | |  0.8
Spellcasting   | |  0.4
Conjurations   | |  0.5
Hexes          | |  0.7
Summonings     | |  0.5
Necromancy     | |  0.5
Translocations | |  0.7
Transmutations | |  0.6
Fire Magic     | |  0.5
Ice Magic      | |  0.5
Air Magic      | |  0.5
Earth Magic    | |  0.8
Poison Magic   | |  0.5

Action                   |  1- 3 |  4- 6 |  7- 9 | 10-12 | 13-15 | 16-18 | 19-21 | 22-24 || total
-------------------------+-------+-------+-------+-------+-------+-------+-------+-------++-------
Melee: Long sword        |    58 |   179 |    71 |       |       |       |       |       ||   308
       Headbutt          |    10 |    30 |    71 |   180 |   489 |   212 |   608 |   138 ||  1738
       Falchion          |       |       |   248 |   732 |  1433 |       |       |       ||  2413
       Short sword       |       |       |       |     9 |     8 |       |       |       ||    17
       Scimitar          |       |       |       |       |    21 |     7 |  1429 |   389 ||  1846
       Demon blade       |       |       |       |       |   329 |   802 |   975 |       ||  2106
       Unarmed           |       |       |       |       |       |       |     4 |       ||     4
       Double sword      |       |       |       |       |       |       |       |    23 ||    23
Invok: Heroism           |       |       |       |     7 |    18 |     8 |    32 |     1 ||    66
Evoke: Wand              |       |       |       |       |    15 |       |       |       ||    15
  Use: Scroll            |     2 |     1 |    10 |     5 |    10 |     4 |    12 |    11 ||    55
       Potion            |       |       |     2 |     3 |     1 |     5 |     7 |     1 ||    19
 Stab: Paralysed         |       |       |       |       |     2 |       |       |       ||     2
Armor: Scale mail        |    35 |   123 |    62 |       |       |       |       |       ||   220
       Chain mail        |       |       |    16 |       |       |       |       |       ||    16
       Plate armour      |       |       |    14 |   245 |    14 |       |       |       ||   273
       Crystal plate arm |       |       |       |       |   396 |   343 |  1650 |   255 ||  2644
Dodge: Dodged            |    27 |    53 |    49 |   102 |   116 |   114 |   550 |   105 ||  1116
Block: Buckler           |    19 |    15 |       |       |       |       |       |       ||    34
       Tower shield      |       |   225 |   396 |   866 |  1739 |  1041 |  2757 |       ||  7024
       Kite shield       |       |       |       |       |       |       |   612 |   387 ||   999
       Reflection        |       |       |       |       |       |       |    41 |    25 ||    66
